 Dungeon Crawl Stone Soup version 0.19.5 (webtiles) character file.

331 Rrauwl the Cleaver (level 6, -3/51 HPs)
             Began as a Minotaur Fighter on Mar 15, 2017.
             Slain by Pikel
             ... wielding a +0 whip of flaming
              (8 damage)
             ... on level 4 of the Dungeon.
             The game lasted 00:09:03 (2827 turns).

Rrauwl the Cleaver (Minotaur Fighter)               Turns: 2827, Time: 00:09:03

Health: -3/51      AC:  6    Str: 19    XL:     6   Next: 26%
Magic:  5/5        EV:  5    Int:  5    God:
Gold:   165        SH:  9    Dex: 11    Spells: 0 memorised, 5 levels left

rFire  . . .     SeeInvis .     a - +0 war axe
rCold  . . .     Gourm    .     e - +0 chain mail
rNeg   . . .     Faith    .     c - +0 shield
rPois  .         Spirit   .     (helmet restricted)
rElec  .         Reflect  .     b - +0 cloak
rCorr  .         Harm     .     (no gloves)
MR     .....                    (no boots)
Stlth  ..........               (no amulet)
                                i - ring of wizardry
                                l - ring of loudness (curse)

@: no status effects
A: retaliatory headbutt, horns 2, deformed body, weak 1, subdued magic 1
a: no special abilities


You were on level 4 of the Dungeon.
You were hungry.

You visited 1 branch of the dungeon, and saw 4 of its levels.

You collected 165 gold pieces.

Inventory:

Hand Weapons
 a - a +0 war axe (weapon)
 r - a +2 dire flail of protection
Armour
 b - a +0 cloak (worn)
 c - a +0 shield (worn)
 e - a +0 chain mail (worn)
Jewellery
 i - a ring of wizardry (right hand)
 l - a cursed ring of loudness (left hand)
Wands
 d - a wand of flame (30/48)
 j - a wand of disintegration (14/24)
Scrolls
 k - a scroll of fear
 n - a scroll of immolation {unknown}
 p - 2 scrolls of identify
Potions
 o - 2 potions of brilliance
Comestibles
 f - 5 bread rations
 g - a slice of pizza
 h - 2 meat rations
 m - a beef jerky
 q - 8 chunks of flesh


   Skills:
 - Level 3.6 Fighting
 + Level 8.0 Axes
 - Level 3.7 Armour
 - Level 3.7 Shields


You had 5 spell levels left.
You didn't know any spells.

Dungeon Overview and Level Annotations

Branches:
Dungeon (4/15)
 Temple: D:4-7

Altars:

Annotations:
D:4 Pikel


Innate Abilities, Weirdness & Mutations

You reflexively headbutt those who attack you in melee.
You have a pair of horns on your head.
Armour fits poorly on your strangely shaped body.
You are weak. (Str -2)
Your spells are a little easier to cast, but a little less powerful.


Message History

You hit the slave.
The slave is almost dead.
You barely miss Pikel. Pikel hits you with a whip of flaming. Pikel burns you.
The slave hits you but does no damage. You block Pikel's attack.
You hit the slave.
You kill the slave!
That felt strangely unrewarding.
You closely miss Pikel.
Pikel zaps a wand.
The bolt of lightning hits you!
* * * LOW HITPOINT WARNING * * *
Unknown command.
Okay, then.
You hit Pikel.
Pikel is lightly wounded.
You hit the slave. The slave hits you.
* * * LOW HITPOINT WARNING * * *
You block Pikel's attack. The slave hits you but does no damage.
You hit Pikel but do no damage. You headbutt Pikel, but do no damage.
Pikel is lightly wounded.
You slash the slave! Pikel hits you with a whip of flaming!
You die...

#. ... #.# #.# ###
..# #.# p...#.. #.#
#.....##K###########
##.....#.#.##........
#....ppp###Z.[.....#
.......#p#K##.####.##
#...... #@...........
#..#.#.##..#..##.####
#.............# #
#.## #.....<..# #
####..........
##.##.##.## #...... #
####.### #.#


You could see Pikel, 3 slaves and a howler monkey skeleton.

Vanquished Creatures
  A slave (D:4)
  Blork the orc (D:4)
  Crazy Yiuf (D:3)
  Jessica (D:3)
  Natasha (twice) (D:3)
  A gnoll (D:1)
  6 adders
  An ooze (D:2)
  2 worms (D:3)
  4 dart slugs
  2 leopard geckos
  An orc (D:3)
  2 ball pythons
  7 bats
  4 giant cockroaches
  8 goblins
  9 hobgoblins
  4 jackals (D:2)
  6 kobolds
  A quokka (D:2)
  4 frilled lizards
  12 rats
80 creatures vanquished.

Notes
Turn   | Place    | Note
-------+----------+-------------------------------------------
     0 | D:1      | Rrauwl the Minotaur Fighter began the quest for the Orb.
     0 | D:1      | Reached XP level 1. HP: 19/19 MP: 0/0
   148 | D:1      | Reached skill level 3 in Axes
   295 | D:1      | Reached XP level 2. HP: 26/26 MP: 1/1
   547 | D:1      | Reached skill level 4 in Axes
   748 | D:1      | Reached XP level 3. HP: 20/31 MP: 2/2
   844 | D:2      | Reached skill level 5 in Axes
   866 | D:2      | Reached XP level 4. HP: 39/39 MP: 3/3
  1003 | D:2      | Lost intelligence.
  1702 | D:3      | Gained mutation: You are weak. (Str -2) [potion of mutation]
  1702 | D:3      | Gained mutation: Your spells are a little easier to cast, but a little less powerful. [potion of mutation]
  1702 | D:3      | Gained mutation: Armour fits poorly on your strangely shaped body. [potion of mutation]
  1868 | D:3      | Noticed Natasha
  1872 | D:3      | Killed Natasha
  1872 | D:3      | Reached skill level 6 in Axes
  1872 | D:3      | Reached XP level 5. HP: 45/45 MP: 4/4
  2031 | D:3      | Noticed Jessica
  2035 | D:3      | Killed Jessica
  2455 | D:3      | Reached skill level 7 in Axes
  2466 | D:3      | Noticed Natasha
  2476 | D:3      | Killed Natasha
  2534 | D:3      | Found a runed door.
  2596 | D:3      | Noticed Crazy Yiuf
  2601 | D:3      | Killed Crazy Yiuf
  2720 | D:4      | Noticed Blork the orc
  2732 | D:4      | Killed Blork the orc
  2732 | D:4      | Reached skill level 8 in Axes
  2732 | D:4      | Reached XP level 6. HP: 34/51 MP: 5/5
  2805 | D:4      | Noticed Pikel
  2805 | D:4      | Noticed a slave
  2805 | D:4      | Noticed a slave
  2805 | D:4      | Noticed a slave
  2805 | D:4      | Noticed a slave
  2825 | D:4      | Killed a slave
  2827 | D:4      | Slain by Pikel

Skill      XL: |  1  2  3  4  5 |
---------------+----------------+-----
Axes           | 3 4 5 6 8 |  8.0
Fighting       | |  3.6
Armour         | |  3.7
Shields        | |  3.7

Action                   |  1- 3 |  4- 6 || total
-------------------------+-------+-------++-------
Melee: War axe           |    72 |   138 ||   210
       Headbutt          |    15 |    24 ||    39
  Use: Potion            |     4 |     3 ||     7
       Scroll            |       |     5 ||     5
  Eat: Chunk             |       |     7 ||     7
Armor: Chain mail        |    42 |    64 ||   106
Dodge: Dodged            |    15 |    17 ||    32
Block: Shield            |    33 |    63 ||    96
